 Dungeon Crawl Stone Soup version 0.23-a0-143-g1adec7b (webtiles) character file.

7247 Amnesiac the Destroyer (level 10, -3/63 HPs)
             Began as a Mummy Ice Elementalist on Sept 5, 2018.
             Was an Elder of Vehumet.
             Slain by Snorg (13 damage)
             ... on level 10 of the Dungeon.
             The game lasted 00:23:33 (11305 turns).

Amnesiac the Destroyer (Mummy Ice Elementalist)    Turns: 11305, Time: 00:23:34

Health: -3/63      AC:  7    Str: 11    XL:     10   Next: 88%
Magic:  0/23       EV: 12    Int: 24    God:    Vehumet [****..]
Gold:   1111       SH:  0    Dex: 12    Spells: 5/27 levels left

rFire    x x .     SeeInvis .   a - +2 falchion (slice)
rCold    + + .     Gourm    .   (no shield)
rNeg     + + +     Faith    .   u - +2 robe {MR+}
rPois    ∞         Spirit   .   q - +0 helmet
rElec    .         Reflect  .   (no cloak)
rCorr    .         Harm     .   g - +0 pair of gloves
MR       ++...                  B - +0 pair of boots
Stlth    ++........             (no amulet)
HPRegen  0.20/turn              p - +5 ring of intelligence
MPRegen  0.18/turn              A - ring of ice

@: about to teleport, very slightly contaminated
A: no food or potions, fire vulnerability, cold resistance 1, negative energy
resistance 3, torment resistance, unbreathing
a: Renounce Religion


You were on level 10 of the Dungeon.
You worshipped Vehumet.
Vehumet was greatly pleased with you.
You were not hungry.

You visited 2 branches of the dungeon, and saw 11 of its levels.
You also visited: Sewer.

You collected 1111 gold pieces.

Inventory:

Hand Weapons
 a - a +2 falchion of slicing (weapon)
 b - a +0 dagger of venom
 z - a +0 blowgun
Missiles
 e - 5 curare-tipped needles
 x - 67 poisoned needles
Armour
 g - a +0 pair of gloves (worn)
 q - a +0 helmet (worn)
 u - a +2 robe of magic resistance (worn)
 B - a +0 pair of boots (worn)
Jewellery
 f - an uncursed ring of flight
 m - the ring of Nemelex Xobeh's Pride {rF+ Dex+2}
   (You found it in a sewer)

   [ring of protection from fire]

   It affects your dexterity (+2).
   It protects you from fire.
 p - a +5 ring of intelligence (left hand)
 w - an uncursed amulet of the gourmand {unknown}
 A - a ring of ice (right hand)
Wands
 i - a wand of digging (14)
 s - a wand of polymorph (12)
Scrolls
 c - 10 scrolls of remove curse {!r}
 h - 2 scrolls of enchant weapon {!r}
 j - a scroll of amnesia {!r}
 k - 8 scrolls of teleportation {!r}
 l - 2 scrolls of fear {!r}
 n - 12 scrolls of identify {!r}
 r - 3 scrolls of magic mapping {!r}
 t - a scroll of fog {!r}
 v - a scroll of holy word {!r, unknown}


   Skills:
 - Level 1.5 Dodging
 - Level 1.5 Stealth
 + Level 9.1 Spellcasting
 * Level 9.4 Conjurations
 * Level 9.1 Ice Magic


You had 5 spell levels left.
You knew the following spells:

 Your Spells              Type           Power        Failure   Level  Hunger
a - Throw Icicle          Conj/Ice       ######..     1%          4    N/A
b - Summon Ice Beast      Ice/Summ       #####...     9%          4    N/A
c - Throw Frost           Conj/Ice       ######       1%          2    N/A
d - Freeze                Ice            ####         1%          1    N/A
s - Conjure Flame         Conj/Fire      ####....     1%          3    N/A
w - Irradiate             Conj/Tmut      ####......   7%          5    N/A
z - Ozocubu's Armour      Chrm/Ice       #####...     2%          3    N/A

Your spell library contained the following spells:

 Spells                   Type           Power        Failure   Level  Hunger


Dungeon Overview and Level Annotations

Branches:
Dungeon (10/15)            Temple (1/1) D:4
   Lair: D:8-11         Orc: D:9-12

Altars:
Ashenzari
Cheibriados
Dithmenos
Elyvilon
Fedhas
Gozag
Hepliaklqana
Kikubaaqudgha
Makhleb
Nemelex Xobeh
Okawaru
Qazlal
Ru
Sif Muna
Trog
Uskayaw
Vehumet
Wu Jian
Xom
Yredelemnul
Zin
The Shining One

Shops:
D:4 %   D:9 !   D:10 (

Annotations:
D:7 TheNamelessOne's ghost, novice FoFi; casual's ghost, novice FeTm
D:9 mine?
D:10 Grum; Snorg


Innate Abilities, Weirdness & Mutations

You do not eat or drink.
Your flesh is vulnerable to fire.
You are immune to poison.
Your flesh is cold resistant. (rC+)
You are immune to negative energy. (rN+++)
You are immune to unholy pain and torment.
You can survive without breathing.


Message History

Press: ? - help, Shift-Dir - straight line, f/p - Snorg
Aim: Snorg (severely wounded)
You feel a surge of power!
The shard of ice hits Snorg.
Snorg is almost dead.
Snorg goes berserk!
Casting: Throw Icicle (safe; 1% risk of failure)
Confirm with . or Enter, or press ? or * to list all spells.
You don't have enough magic to cast that spell.
Evoke which item? (* to show all) (? for menu, Esc to quit)
Okay, then.
Really read
d - a scroll of blinking {!r}?
Blink to where?
Press: ? - help, Dir - move target cursor, p - Snorg You are very lightly contaminated with residual magic.
As you read the scroll of blinking {!r}, it crumbles to dust.
Evoke which item? (* to show all) (? for menu, Esc to quit)
Aiming: Throw Flame
Press: ? - help, Shift-Dir - straight line, f - Snorg
Aim: Snorg (almost dead, berserk, fast, unusually strong)
The puff of flame hits Snorg.
Snorg is almost dead.
Evoke which item? (* to show all) (? for menu, Esc to quit)
Aiming: Throw Flame
Press: ? - help, Shift-Dir - straight line, f/p - Snorg
Aim: Snorg (almost dead, berserk, fast, unusually strong)
The puff of flame hits Snorg.
Snorg is almost dead.
The now-empty wand crumbles to dust.
No previous command to re-do.
Evoke which item? (* to show all) (? for menu, Esc to quit)
Aiming: Polymorph
Press: ? - help, Shift-Dir - straight line, f/p - Snorg
Aim: Snorg (almost dead, berserk, fast, unusually strong, chance to defeat MR: Snorg resists with almost no effort.
Snorg rages.
You barely miss Snorg.
Snorg is almost dead.
Snorg bites you but does no damage. Snorg claws you. Snorg claws you!
Snorg barely misses you. Snorg closely misses you.
Snorg claws you but does no damage.
Unknown command.
Casting: Throw Icicle (safe; 1% risk of failure)
Confirm with . or Enter, or press ? or * to list all spells.
Aiming: Freeze (safe; 1% risk of failure)
Press: ? - help, Shift-Dir - straight line, f/p - Snorg
Aim: Snorg (almost dead, berserk, fast, unusually strong)
You feel a surge of power!
You freeze Snorg.
Snorg is almost dead.
Snorg barely misses you.
You riposte.
You hit Snorg.
Snorg is almost dead.
Snorg claws you. Snorg claws you!!
* * * LOW HITPOINT WARNING * * *
Unknown command.
Really read
l - 2 scrolls of fear {!r}?
Okay, then.
Really read
k - 9 scrolls of teleportation {!r}?
As you read the scroll of teleportation {!r}, it crumbles to dust.
You feel strangely unstable. Snorg bites you but does no damage.
Snorg claws you.
* * * LOW HITPOINT WARNING * * *
Snorg barely misses you. Snorg bites you!
* * * LOW HITPOINT WARNING * * *
Snorg barely misses you. Snorg claws you!
You die...

########################
................@.......
...)...........T#####...
..#####..##.##..# ..#
####......# ..#
#..%..>.# ..# ##[P....#
#...# #..%....## #..##
##..%.....
#..##..).'........#


You could see Snorg (berserk).

Vanquished Creatures
  Erolcha (D:9)
  The ghost of tilp the Chiller, a novice MfIE of Makhleb (D:7)
  Pikel (D:9)
  The ghost of KristoblXynda the Covert, a novice SpAM of Dithmenos (D:7)
  A centaur zombie (D:10)
  Grinder (D:3)
  A hippogriff (D:9)
  4 yaks (D:9)
  Menkaure (D:6)
  An acid dragon (D:6)
  3 sky beasts (D:9)
  A black bear (D:9)
  2 ice beasts
  2 slaves (D:9)
  2 orc warriors
  A wolf (D:9)
  2 ogres
  2 phantoms
  3 centaurs
  4 big kobolds
  A crocodile (D:10)
  5 bullfrogs
  A wyvern skeleton (D:6)
  A scorpion (D:4)
  A howler monkey (D:8)
  A crimson imp (D:4)
  A bullfrog zombie (D:8)
  2 hounds (D:8)
  6 orc priests
  3 jellies
  7 orc wizards
  Jessica (D:2)
  3 iguanas
  Natasha (thrice) (D:2)
  3 worker ants
  A killer bee zombie (D:6)
  A hound skeleton (D:8)
  Robin (D:2)
  A howler monkey zombie (D:5)
  8 adders
  13 gnolls
  A howler monkey skeleton (D:6)
  A shadow imp (D:8)
  An ooze (D:2)
  An adder zombie (D:5)
  4 worms
  2 dart slugs
  A leopard gecko (D:8)
  30 orcs
  5 bats
  8 giant cockroaches
  57 goblins
  36 hobgoblins
  4 jackals
  4 quokkas
  5 ball pythons
  14 frilled lizards
  A jackal skeleton (D:6)
  20 kobolds
  A leopard gecko zombie (D:6)
  13 rats
308 creatures vanquished.

Vanquished Creatures (others)
  A slave (D:9)
  A withered plant (D:7)
2 creatures vanquished.

Grand Total: 310 creatures vanquished

Notes
Turn   | Place    | Note
-------+----------+-------------------------------------------
     0 | D:1      | Amnesiac the Mummy Ice Elementalist began the quest for the
                  | Orb.
     0 | D:1      | Reached XP level 1. HP: 13/13 MP: 4/4
     3 | D:1      | Noticed an electric eel
    57 | D:1      | Noticed an electric eel
   240 | D:3      | Reached XP level 2. HP: 19/19 MP: 3/5
   243 | D:2      | Noticed Robin
   469 | D:5      | Entered Level 5 of the Dungeon
   526 | D:4      | Noticed a scorpion
   562 | D:6      | Noticed a bullfrog
   569 | D:6      | Reached XP level 3. HP: 7/24 MP: 7/7
   579 | D:6      | Killed a bullfrog
   579 | D:6      | Reached XP level 4. HP: 3/30 MP: 2/10
   597 | D:6      | Learned a level 3 spell: Ozocubu's Armour
   703 | D:5      | Reached XP level 5. HP: 14/35 MP: 8/11
   775 | D:5      | Noticed a centaur
   964 | D:5      | Killed a centaur
   964 | D:5      | Reached skill level 5 in Spellcasting
   964 | D:5      | Reached skill level 5 in Ice Magic
   964 | D:5      | Reached XP level 6. HP: 10/41 MP: 6/13
  1081 | D:5      | Noticed an ice beast
  1104 | D:5      | Killed an ice beast
  1154 | D:5      | Found a glowing drain.
  1180 | Sewer    | Entered a sewer
  1460 | Sewer    | Got a fine platinum ring
  1461 | Sewer    | Identified the ring of Nemelex Xobeh's Pride {rF+ Dex+2}
                  | (You found it in a sewer)
  1738 | D:4      | Found Launky's Food Shop.
  1842 | D:4      | Reached XP level 7. HP: 46/46 MP: 12/15
  1945 | D:4      | You fall through a shaft for 2 floors!
  2014 | D:4      | Found a staircase to the Ecumenical Temple.
  2081 | D:4      | Found a stormy altar of Qazlal.
  2162 | Temple   | Entered the Ecumenical Temple
  2264 | Temple   | Became a worshipper of Vehumet
  2711 | D:2      | Reached * piety under Vehumet
  2711 | D:2      | Offered knowledge of Shock by Vehumet.
  2718 | D:2      | Killed Robin
  2920 | D:2      | Noticed Jessica
  2925 | D:2      | Killed Jessica
  3215 | D:2      | Noticed Natasha
  3220 | D:2      | Killed Natasha
  3256 | D:2      | Noticed Natasha
  3259 | D:2      | Killed Natasha
  3307 | D:2      | Noticed Natasha
  3317 | D:2      | Killed Natasha
  3317 | D:2      | Reached ** piety under Vehumet
  3317 | D:2      | Offered knowledge of Sandblast by Vehumet.
  3416 | D:3      | You fall through a shaft for 2 floors!
  3798 | D:3      | Noticed Grinder
  3803 | D:3      | Paralysed by Grinder for 7 turns
  3819 | D:3      | Killed Grinder
  3819 | D:3      | Reached XP level 8. HP: 33/52 MP: 16/18
  3825 | D:3      | Learned a level 4 spell: Throw Icicle
  3830 | D:3      | Learned a level 4 spell: Summon Ice Beast
  4012 | D:3      | Offered knowledge of Conjure Flame by Vehumet.
  4021 | D:3      | Learned a level 2 spell: Throw Frost
  4027 | D:3      | Learned a level 3 spell: Conjure Flame
  4028 | D:3      | Found a burning altar of Makhleb.
  4883 | D:5      | Reached *** piety under Vehumet
  5165 | D:5      | Reached skill level 1 in Conjurations
  5195 | D:5      | Offered knowledge of Stone Arrow by Vehumet.
  6343 | D:6      | Reached skill level 5 in Conjurations
  6507 | D:6      | Noticed Menkaure
  6510 | D:6      | Killed Menkaure
  6555 | D:6      | Reached XP level 9. HP: 57/57 MP: 6/19
  7152 | D:7      | Found a glowing golden altar of the Shining One.
  7152 | D:7      | Found a glowing silver altar of Zin.
  7152 | D:7      | Found a white marble altar of Elyvilon.
  7188 | D:7      | Found a runed gate.
  7188 | D:7      | Found a runed gate.
  7189 | D:7      | Found a runed gate.
  7190 | D:7      | Noticed TheNamelessOne's ghost (novice FoFi)
  7190 | D:7      | Noticed tilp's ghost (novice MfIE)
  7190 | D:7      | Noticed casual's ghost (novice FeTm)
  7190 | D:7      | Noticed KristoblXynda's ghost (novice SpAM)
  7319 | D:7      | Found a shadowy altar of Dithmenos.
  7326 | D:7      | Reached **** piety under Vehumet
  7974 | D:7      | Offered knowledge of Static Discharge by Vehumet.
  8260 | D:7      | Killed tilp's ghost
  8491 | D:7      | Killed KristoblXynda's ghost
  8929 | D:8      | Reached ***** piety under Vehumet
  8931 | D:8      | Found a sacrificial altar of Ru.
  9256 | D:8      | Found an ancient bone altar of Kikubaaqudgha.
  9288 | D:8      | Offered knowledge of Irradiate by Vehumet.
  9295 | D:8      | Learned a level 5 spell: Irradiate
  9462 | D:9      | Reached XP level 10. HP: 63/63 MP: 2/21
 10040 | D:9      | Noticed Pikel
 10054 | D:9      | Killed Pikel
 10207 | D:9      | Noticed Erolcha
 10211 | D:9      | Killed Erolcha
 10681 | D:9      | Found a shattered altar of Ashenzari.
 10835 | D:9      | Found Rumnykust's Distillery.
 11066 | D:10     | Entered Level 10 of the Dungeon
 11066 | D:10     | Noticed Grum
 11094 | D:10     | Found Fauteso's Weapon Shoppe.
 11292 | D:10     | Noticed Snorg
 11305 | D:10     | Slain by Snorg

Vault maps used:
D:1:      arrival_aquarium_b
D:2:      dk_noncrumbling_4, uniq_natasha, uniq_robin, uniq_jessica
D:3:      lemuel_coloured_pillars_altar, uniq_grinder
D:4:      lemuel_round_altar, minmay_temple_entry_fiery, serial_shops,
          shop_fountains
D:5:      minmay_goblin_kobold_castle, cheibrodos_sewer_entry_bend,
          first_ration, minmay_misc_feat_hallway
D:6:      st_stairs_7, uniq_menkaure
D:7:      corexii_shantytown, good_gods_mini_temple, grunt_dithmenos_shadows,
          gammafunk_ghost_cemetery
D:8:      marbit_many_paths, lemuel_round_altar
D:9:      minmay_goldmine, ashenzari_altar_1, serial_shops, shop, uniq_erolcha,
          uniq_pikel
D:10:     erik_orc_3, serial_shops, shop, special_room, blue_anna_alchemist,
          uniq_snorg, uniq_grum
Temple:   dshaligram_water_room_temple
Sewer:    sewer_co_cracked_pipes

Skill      XL: |  1  2  3  4  5  6  7  8  9 10 |
---------------+-------------------------------+-----
Ice Magic      | 3 4 5 6 7 9 |  9.1
Spellcasting   | 3 4 5 6 7 9 |  9.1
Conjurations   | 5 8 9 |  9.4
Dodging        | |  1.5
Stealth        | |  1.5

Action                   |  1- 3 |  4- 6 |  7- 9 | 10-12 || total
-------------------------+-------+-------+-------+-------++-------
Melee: Unarmed           |    10 |       |       |       ||    10
       Dagger            |     1 |     2 |       |       ||     3
       Falchion          |       |       |       |    19 ||    19
 Fire: Shortbow          |       |    45 |   311 |       ||   356
       Hunting sling     |       |       |    12 |       ||    12
 Cast: Freeze            |    24 |    51 |   177 |    44 ||   296
       Ozocubu's Armour  |       |     3 |     2 |       ||     5
       Throw Icicle      |       |       |    57 |    56 ||   113
Evoke: Wand              |     4 |     6 |    25 |     3 ||    38
  Use: Scroll            |     3 |     4 |     4 |     3 ||    14
 Stab: Sleeping          |       |     1 |       |       ||     1
Armor: Robe              |     4 |     9 |    38 |     6 ||    57
       Leather armour    |       |       |     2 |       ||     2
       Ring mail         |       |       |    25 |    22 ||    47
Dodge: Dodged            |    21 |    24 |   151 |    38 ||   234
       Rpst.: Falchion   |       |       |     2 |     7 ||     9

Table legend:
 A = Non-vault XP
 B = Vault XP
 C = Vault XP percentage of total XP
 D = Non-vault monster count
 E = Vault monster count
 F = Vault count percentage of total count
                 A         B        C        D         E       F
            +---------+---------+-------+---------+---------+-------
      Total |    5271 |    5082 |  49.1 |     158 |     148 |  48.4
            +---------+---------+-------+---------+---------+-------
        D:1 |      30 |       0 |   0.0 |      20 |       0 |   0.0
        D:2 |     145 |     111 |  43.4 |      26 |      15 |  36.6
        D:3 |      42 |     281 |  87.0 |      24 |       1 |   4.0
        D:4 |     201 |       0 |   0.0 |      12 |       0 |   0.0
        D:5 |     465 |     387 |  45.4 |      13 |      62 |  82.7
        D:6 |     899 |     311 |  25.7 |      21 |       3 |  12.5
        D:7 |       0 |    1579 | 100.0 |       0 |      38 | 100.0
        D:8 |     755 |      40 |   5.0 |      19 |       1 |   5.0
        D:9 |    2154 |    2226 |  50.8 |      20 |      14 |  41.2
       D:10 |     580 |      97 |  14.3 |       3 |       1 |  25.0
      Sewer |       0 |      50 | 100.0 |       0 |      13 | 100.0
            +---------+---------+-------+---------+---------+-------
